 Dungeon Crawl Stone Soup version 0.19.1 (webtiles) character file.

11824 Idleism the Destroyer (level 11, 0/83 HPs)
             Began as a Grey Draconian Conjurer on Dec 8, 2016.
             Was a Believer of Vehumet.
             Slain by an eight-headed hydra (16 damage)
             ... on level 1 of the Lair of Beasts on Dec 9, 2016.
             The game lasted 01:04:20 (14901 turns).

Idleism the Destroyer (Grey Draconian Conjurer)    Turns: 14901, Time: 01:04:22

Health: 0/83       AC: 17    Str: 10    XL:     11   Next: 54%
Magic:  31/40      EV: 15    Int: 24    God:    Vehumet [**....]
Gold:   710        SH:  0    Dex: 12    Spells: 6 memorised, 5 levels left

rFire  . . .     SeeInvis .     G - +0 hand axe (elec)
rCold  + . .     Gourm    .     (armour unavailable)
rNeg   . . .     Faith    .     (no shield)
rPois  .         Spirit   .     K - +3 hat of Pondering {ponderous, MR+ MP+10 Int+5}
rElec  .         Reflect  .     (no cloak)
rCorr  .         Harm     .     i - +1 pair of gloves {archery}
MR     +....                    (no boots)
Stlth  ++........               (no amulet)
                                v - ring of magical power
                                I - ring of protection from cold

@: slow
A: walk through water, unfitting armour, unbreathing, cold-blooded, AC +12
a: Renounce Religion


You were on level 1 of the Lair of Beasts.
You worshipped Vehumet.
Vehumet was pleased with you.
You were not hungry.

You visited 3 branches of the dungeon, and saw 12 of its levels.
You also visited: Bailey.

You collected 710 gold pieces.

Inventory:

Hand Weapons
 A - the +0 hunting sling of Wyrd {freeze, rC+ rN++ MR+ Int-4}
   (You found it on level 5 of the Dungeon)

   It causes projectiles fired from it to freeze those they strike, causing
   extra injury to most foes and up to half again as much damage against
   particularly susceptible opponents.
   They can also slow down cold-blooded creatures.
   It affects your intelligence (-4).
   It protects you from cold.
   It greatly protects you from negative energy.
   It affects your resistance to hostile enchantments.
 B - a +2 vampiric rapier
 F - a +2 morningstar of protection
 G - a +0 hand axe of electrocution (weapon)
 L - a cursed -3 dagger
Missiles
 x - 5 exploding tomahawks
 y - 8 javelins (quivered)
 D - 2 javelins of returning
Armour
 i - a +1 pair of gloves of archery (worn)
 K - the +3 hat of Pondering (worn) {ponderous, MR+ MP+10 Int+5}
   (You took it off Gastronok on level 8 of the Dungeon)

   It affects your intelligence (+5).
   It affects your resistance to hostile enchantments.
   It affects your magic capacity (+10).
Jewellery
 f - a +3 ring of strength
 g - an uncursed ring of protection from magic
 m - an uncursed ring of fire
 s - an uncursed ring of see invisible
 u - a +4 ring of strength
 v - a ring of magical power (right hand)
 C - an uncursed ring of stealth
 I - a ring of protection from cold (left hand)
Wands
 k - a wand of flame (37/48)
 M - a wand of hasting (5/9)
 Q - a wand of confusion (35/48)
Scrolls
 j - 8 scrolls of identify
 l - 3 scrolls of amnesia
 J - 5 scrolls of remove curse
 O - a scroll of fog
 P - a scroll of recharging
 R - a scroll of random uselessness {unknown}
 S - a scroll of magic mapping {unknown}
Potions
 c - 2 potions of agility
 e - 2 potions of lignification {unknown}
 h - 3 potions of might {unknown}
 n - 2 potions of haste {unknown}
 p - 3 potions of flight {unknown}
 r - 2 potions of berserk rage {unknown}
 t - 2 potions of cure mutation {unknown}
 w - a potion of brilliance {unknown}
 z - 2 potions of curing {unknown}
 E - a potion of resistance {unknown}
Books
 a - a book of Conjurations

   Spells                             Type                      Level
   a - Magic Dart                     Conjuration                  1
   b - Searing Ray                    Conjuration                  2
   c - Dazzling Spray                 Conjuration/Hexes            3
   d - Fulminant Prism                Conjuration/Hexes            4
   e - Iskenderun's Mystic Blast      Conjuration                  4
   f - Iskenderun's Battlesphere      Conjuration/Charms           5
 d - a book of Callings

   Spells                             Type                      Level
   a - Summon Small Mammal            Summoning                    1
   b - Call Imp                       Summoning                    2
   c - Call Canine Familiar           Summoning                    3
   d - Summon Guardian Golem          Hexes/Summoning              3
   e - Summon Lightning Spire         Summoning/Air                4
   f - Summon Ice Beast               Ice/Summoning                4
Comestibles
 b - 8 bread rations
 q - 6 meat rations
 H - 2 fruits
 N - 9 slices of pizza
 T - a beef jerky


   Skills:
 + Level 3.8 Fighting
 - Level 7.1 Dodging
 - Level 1.7 Stealth
 - Level 7.0 Spellcasting
 - Level 13.0 Conjurations
 - Level 5.3 Hexes
 - Level 4.0 Charms


You had 5 spell levels left.
You knew the following spells:

 Your Spells              Type           Power        Failure   Level  Hunger
a - Magic Dart            Conj           ####         1%          1    None
b - Searing Ray           Conj           ######       1%          2    None
c - Dazzling Spray        Conj/Hex       ######       1%          3    None
d - Iskenderun's Mystic   Conj           ######..     1%          4    ###....
e - Fulminant Prism       Conj/Hex       ######....   1%          4    ###....
f - Iskenderun's Battles  Conj/Chrm      #####...     8%          5    #####..


Dungeon Overview and Level Annotations

Branches:
Dungeon (10/15)            Temple (1/1) D:6            Lair (1/6) D:10
    Orc: D:9-12

Altars:
Ashenzari
Cheibriados
Dithmenos
Elyvilon
Fedhas
Gozag
Hepliaklqana
Kikubaaqudgha
Makhleb
Nemelex Xobeh
Okawaru
Qazlal
Ru
Sif Muna
Trog
Uskayaw
Vehumet
Xom
Yredelemnul
Zin
The Shining One


Innate Abilities, Weirdness & Mutations

You can walk through water.
Your dull iron-grey scales are very hard. (AC +12)
You cannot fit into any form of body armour.
You can survive without breathing.
You are cold-blooded and may be slowed by cold attacks.


Message History

The eight-headed hydra misses you. The eight-headed hydra bites you.
The eight-headed hydra misses you.
The eight-headed hydra completely misses you.
The searing ray hits the eight-headed hydra.
The eight-headed hydra is lightly wounded.
The eight-headed hydra barely misses you.
The eight-headed hydra bites you but does no damage.
The eight-headed hydra bites you!
The eight-headed hydra bites you but does no damage. x2
The eight-headed hydra closely misses you.
The eight-headed hydra bites you but does no damage.
The eight-headed hydra barely misses you.
The searing ray hits the eight-headed hydra.
The eight-headed hydra is moderately wounded.
The eight-headed hydra bites you!! The eight-headed hydra bites you!
* * * LOW HITPOINT WARNING * * *
The eight-headed hydra bites you.
* * * LOW HITPOINT WARNING * * *
The eight-headed hydra bites you!
You die...

......
..... #
..#.##
.#
##!#..#.
#......
##...?##
#......#
#.@D.#
#†...#
...##.#
#.### .#
# . ..
##


You could see an eight-headed hydra.

Vanquished Creatures
  Gastronok (D:8)
  The ghost of Philosophy the Cruncher, a journeyman FoFi of Okawaru (D:9)
  The ghost of loralnil the Basher, a novice FoFi of the Shining One (D:8)
  The ghost of Lovchig the Cleaver, a novice MiFi of Hepliaklqana (D:7)
  2 hill giants (D:10)
  Pikel (D:8)
  Joseph (D:9)
  A hornet (D:10)
  3 hippogriffs
  9 yaks (D:10)
  A hungry ghost (D:8)
  2 hell hounds (D:10)
  A porcupine (Lair:1)
  5 ice beasts
  A black bear (D:10)
  A sky beast (D:9)
  4 orc warriors
  6 ogres
  3 centaurs
  Blork the orc (D:6)
  5 bullfrogs
  2 scorpions
  8 killer bees
  9 wights
  A crimson imp (D:9)
  3 hounds
  2 jellies
  7 orc priests
  A bullfrog skeleton (D:4)
  2 centaur skeletons (D:10)
  3 iguanas
  13 orc wizards
  8 worker ants
  A hound zombie (D:6)
  A hound skeleton (D:8)
  12 adders
  2 gnolls (D:7)
  3 shadow imps
  An adder skeleton (D:4)
  2 worms
  A dart slug (D:1)
  7 leopard geckos
  62 orcs
  7 giant cockroaches
  11 goblins
  13 hobgoblins
  13 jackals
  11 kobolds
  5 quokkas
  2 ball pythons
  8 bats
  14 frilled lizards
  A leopard gecko zombie (D:8)
  5 rats
292 creatures vanquished.

Vanquished Creatures (others)
  2 orc priests (D:8)
  A worker ant (D:8)
  An orc (Bailey)
  A giant cockroach (D:8)
  12 fulminant prisms
17 creatures vanquished.

Grand Total: 309 creatures vanquished

Notes
Turn   | Place    | Note
-------+----------+-------------------------------------------
     0 | D:1      | Idleism the Draconian Conjurer began the quest for the Orb.
     0 | D:1      | Reached XP level 1. HP: 14/14 MP: 3/3
   298 | D:1      | Reached XP level 2. HP: 20/20 MP: 3/5
   302 | D:1      | Learned a level 2 spell: Searing Ray
   964 | D:1      | Reached skill level 5 in Conjurations
   969 | D:1      | Reached XP level 3. HP: 26/26 MP: 2/6
   974 | D:1      | Learned a level 3 spell: Dazzling Spray
  1429 | D:1      | Reached skill level 1 in Hexes
  1888 | D:2      | Reached XP level 4. HP: 28/33 MP: 0/7
  2200 | D:2      | Found a glowing silver altar of Zin.
  2200 | D:2      | Found a hazy altar of Hepliaklqana.
  2484 | D:3      | Found an iron altar of Okawaru.
  2823 | D:3      | Reached skill level 6 in Conjurations
  3240 | D:3      | Reached XP level 5. HP: 38/38 MP: 8/8
  3933 | D:4      | Noticed an ogre
  3946 | D:4      | Killed an ogre
  3946 | D:4      | Reached XP level 6. HP: 45/45 MP: 11/11
  3994 | D:4      | Learned a level 4 spell: Iskenderun's Mystic Blast
  4726 | D:4      | You fall through a shaft for 2 floors!
  5021 | D:5      | Entered Level 5 of the Dungeon
  5094 | D:5      | Your scales start taking on a dull iron-grey colour.
  5094 | D:5      | Reached XP level 7. HP: 50/50 MP: 13/13
  5094 | D:5      | Gained mutation: You can survive without breathing. [Grey Draconian growth]
  5126 | D:5      | Reached skill level 7 in Conjurations
  6138 | D:5      | Got a brightly glowing hunting sling
  6139 | D:5      | Identified the cursed +0 hunting sling of Wyrd {freeze, rC+ rN++ MR+ Int-4} (You found it on level 5 of the Dungeon)
  6672 | D:4      | Reached skill level 5 in Hexes
  6679 | D:4      | Learned a level 4 spell: Fulminant Prism
  7163 | D:6      | Reached XP level 8. HP: 55/57 MP: 14/14
  7206 | D:6      | Found an opulent altar of Gozag.
  7802 | D:6      | Noticed Blork the orc
  7849 | D:6      | Reached skill level 8 in Conjurations
  7967 | D:6      | Found a staircase to the Ecumenical Temple.
  7983 | Temple   | Entered the Ecumenical Temple
  8145 | Temple   | Became a worshipper of Vehumet
  8207 | D:6      | Killed Blork the orc
  8590 | D:7      | Noticed a hippogriff
  8731 | D:7      | Reached skill level 9 in Conjurations
  8887 | D:7      | Found a flagged portal.
  8912 | Bailey   | Entered a bailey
  8918 | Bailey   | Noticed an orc knight
  9228 | Bailey   | Noticed an orc knight
  9231 | Bailey   | Reached skill level 5 in Spellcasting
  9241 | Bailey   | Noticed an orc knight
  9432 | D:7      | Noticed a hippogriff
  9439 | D:7      | Killed a hippogriff
  9556 | D:7      | Noticed Lovchig's ghost (novice MiFi)
  9586 | D:7      | Killed a hippogriff
  9586 | D:7      | Reached XP level 9. HP: 62/62 MP: 16/16
  9676 | D:8      | Reached skill level 10 in Conjurations
  9771 | D:8      | Reached * piety under Vehumet
  9771 | D:8      | Offered knowledge of Freeze by Vehumet.
  9882 | D:8      | Noticed loralnil's ghost (novice FoFi)
  9892 | D:8      | Reached skill level 1 in Fighting
 10029 | D:8      | Noticed Gastronok
 10531 | D:8      | Killed Gastronok
 10531 | D:8      | Reached XP level 10. HP: 47/77 MP: 1/17
 10698 | D:8      | Noticed Pikel
 10706 | D:8      | Killed Pikel
 10895 | D:8      | Killed loralnil's ghost
 10895 | D:8      | Reached skill level 11 in Conjurations
 11191 | D:8      | Found a bloodstained altar of Trog.
 12018 | D:7      | Killed Lovchig's ghost
 12275 | D:9      | Found a blossoming altar of Fedhas.
 12280 | D:9      | Reached skill level 12 in Conjurations
 12290 | D:9      | Learned a level 5 spell: Iskenderun's Battlesphere
 12314 | D:9      | Reached ** piety under Vehumet
 12389 | D:9      | Offered knowledge of Throw Frost by Vehumet.
 12532 | D:9      | Found a glowing golden altar of the Shining One.
 12558 | D:9      | Noticed Philosophy's ghost (journeyman FoFi)
 12572 | D:9      | Killed Philosophy's ghost
 12764 | D:9      | Noticed Joseph
 12774 | D:9      | Killed Joseph
 12791 | D:9      | Reached XP level 11. HP: 75/82 MP: 19/19
 13418 | D:10     | Entered Level 10 of the Dungeon
 13420 | D:10     | Noticed a hill giant
 13433 | D:10     | Killed a hill giant
 13572 | D:10     | Noticed a hill giant
 13583 | D:10     | Killed a hill giant
 14464 | D:10     | Offered knowledge of Ignite Poison by Vehumet.
 14590 | D:10     | Found a staircase to the Lair.
 14750 | D:10     | Reached skill level 13 in Conjurations
 14894 | Lair:1   | Entered Level 1 of the Lair of Beasts
 14894 | Lair:1   | Noticed an eight-headed hydra
 14901 | Lair:1   | Slain by an eight-headed hydra

Skill      XL: |  1  2  3  4  5  6  7  8  9 10 11 |
---------------+----------------------------------+-----
Conjurations   | 5 6 7 9 10 12 13 | 13.0
Hexes          | 1 2 5 |  5.3
Spellcasting   | 3 4 5 7 |  7.0
Fighting       | 3 |  3.8
Dodging        | 7 |  7.1
Charms         | 3 4 |  4.0
Stealth        | |  1.7

Action                   |  1- 3 |  4- 6 |  7- 9 | 10-12 || total
-------------------------+-------+-------+-------+-------++-------
Melee: Unarmed           |     3 |       |       |       ||     3
       Dagger            |    16 |    23 |     3 |       ||    42
       Tailslap          |     1 |     3 |     1 |     2 ||     7
       Hand axe          |       |       |     8 |     6 ||    14
 Cast: Magic Dart        |    80 |    57 |   118 |    60 ||   315
       Searing Ray       |     3 |    33 |    76 |    86 ||   198
       Iskenderun's Myst |       |     3 |    15 |     3 ||    21
       Fulminant Prism   |       |       |     2 |    10 ||    12
       Dazzling Spray    |       |       |       |     1 ||     1
  Use: Scroll            |       |     6 |     4 |     3 ||    13
 Stab: Sleeping          |       |     2 |       |       ||     2
  Eat: Chunk             |     4 |    13 |    18 |    15 ||    50
       Pizza             |       |       |     2 |       ||     2
       Beef jerky        |       |       |     1 |       ||     1
       Fruit             |       |       |     1 |     2 ||     3
Armor: Skin              |     8 |    24 |    49 |    68 ||   149
Dodge: Dodged            |    23 |    41 |    81 |   125 ||   270
